 Dungeon Crawl Stone Soup version 0.21.1-1-g345015f (webtiles) character file.

58 snakesoul the Skirmisher (level 4, -4/29 HPs)
             Began as a Gargoyle Fighter on July 28, 2018.
             Splashed by a jelly's acid (5 damage)
             ... on level 2 of the Dungeon.
             The game lasted 00:02:14 (1596 turns).

snakesoul the Skirmisher (Gargoyle Fighter)         Turns: 1596, Time: 00:02:15

Health: -4/29      AC:  2    Str: 21    XL:     4   Next: 2%
Magic:  4/4        EV:  7    Int:  8    God:
Gold:   83         SH: 12    Dex:  9    Spells: 3/3 levels left

rFire    . . .     SeeInvis .   a - +0 flail
rCold    . . .     Gourm    .   c - +0 shield
rNeg     + . .     Faith    .   b - +0 scale mail
rPois    ∞         Spirit   .   (no helmet)
rElec    +         Reflect  +   (no cloak)
rCorr    .         Harm     .   (no gloves)
MR       .....                  (no boots)
Stlth    ..........             m - +3 amulet of reflection
HPRegen  0.09/turn              (no ring)
MPRegen  0.09/turn              (no ring)

@: corroded
A: negative energy resistance 1, electricity resistance, unbreathing,
petrification resistance, rot immunity, AC +3
a: no special abilities


You were on level 2 of the Dungeon.
You were not hungry.

You visited 1 branch of the dungeon, and saw 2 of its levels.

You collected 83 gold pieces.

Inventory:

Hand Weapons
 a - a +0 flail (weapon)
Armour
 b - a +0 scale mail (worn)
 c - a +0 shield (worn)
Jewellery
 m - a +3 amulet of reflection (around neck)
Wands
 k - a wand of iceblast (7)
Scrolls
 g - 4 scrolls of identify {unknown}
 h - a scroll of remove curse {unknown}
 l - a scroll of noise {unknown}
 o - 2 scrolls of teleportation {unknown}
Potions
 d - a potion of might
 e - a potion of invisibility {unknown}
 i - 2 potions of heal wounds {unknown}
 n - a potion of haste {unknown}
Comestibles
 f - 6 rations


   Skills:
 + Level 4.0 Fighting
 * Level 3.6 Maces & Flails
 - Level 3.2 Armour
 - Level 3.2 Shields


You had 3 spell levels left.
You didn't know any spells.

Dungeon Overview and Level Annotations

Branches:
Dungeon (2/15)

Altars:
Dithmenos
The Shining One


Innate Abilities, Weirdness & Mutations

You are resistant to torment.
Your stone body is resilient. (AC +3)
You are immune to poison.
You resist negative energy. (rN+)
You are resistant to electric shocks. (rElec)
You can survive without breathing.
You are immune to petrification.
You are immune to rotting.


Message History

Something hits the fungus. x2; The fungus is splashed with acid.
The acid corrodes the fungus!
You hit the ooze.
You kill the ooze!
You have reached level 4!
You feel stronger.
Something hits the fungus. x2; The fungus is splashed with acid.
The acid corrodes the fungus!
The jelly hits you. The acid corrodes you!
You are splashed with acid!
The acid burns!
You sock the jelly! The acid corrodes you!
Your hands burn!
The jelly is severely wounded.
Something hits the fungus.
The fungus is destroyed!
The jelly hits you.
You are splashed with acid!
The acid burns!
* * * LOW HITPOINT WARNING * * *
You are too injured to fight recklessly!
You are too injured to fight recklessly!
You are too injured to fight recklessly!
You hit the jelly but do no damage.
Your hands burn!
You die...

#.##.##
##..###.....###...#.#
#.####
##.##.......####...#
#.# ####.......# ##.##
#.# #.......# #.# # #.#
#.......# #.# # #.#
#....#### #.# # #.##
#....'..## #. #
...##########
########.# #
............#
##@.)..(## #
...############J#######
# #### #.J.PJ÷÷PJ #
#÷JJJJ..P. #.P.JJP.P.
#......... ###
#.÷....... ### #..
#.....P..? ..# #.#
##########


You could see a jelly and 2 oozes.

Vanquished Creatures
  2 oozes (D:2)
  A worm (D:2)
  A dart slug (D:2)
  A leopard gecko (D:1)
  5 bats
  2 giant cockroaches
  4 goblins
  3 hobgoblins
  3 jackals (D:2)
  A quokka (D:2)
  A frilled lizard (D:1)
  14 kobolds
  4 rats
42 creatures vanquished.

Vanquished Creatures (others)
  2 fungi (D:2)
  7 toadstools (D:2)
9 creatures vanquished.

Grand Total: 51 creatures vanquished

Notes
Turn   | Place    | Note
-------+----------+-------------------------------------------
     0 | D:1      | snakesoul the Gargoyle Fighter began the quest for the Orb.
     0 | D:1      | Reached XP level 1. HP: 14/14 MP: 1/1
   185 | D:1      | Reached XP level 2. HP: 17/19 MP: 2/2
   940 | D:2      | Reached XP level 3. HP: 24/24 MP: 3/3
  1012 | D:2      | Found a shadowy altar of Dithmenos.
  1015 | D:2      | Found a glowing golden altar of the Shining One.
  1582 | D:2      | Reached skill level 4 in Fighting
  1594 | D:2      | Reached XP level 4. HP: 27/29 MP: 4/4
  1595 | D:2      | HP: 1/29 [acid (10)]
  1596 | D:2      | Splashed by a jelly's acid

Skill      XL: |  1  2  3 |
---------------+----------+-----
Maces & Flails | 3 |  3.6
Fighting       | 4 |  4.0
Armour         | |  3.2
Shields        | |  3.2

Action                   |  1- 3 |  4- 6 || total
-------------------------+-------+-------++-------
Melee: Flail             |   184 |     2 ||   186
  Eat: Chunk             |     3 |       ||     3
Armor: Scale mail        |   110 |       ||   110
Dodge: Dodged            |    57 |       ||    57
Block: Shield            |   121 |       ||   121
       Reflection        |     2 |       ||     2
